 Dungeon Crawl Stone Soup version 0.30-a0-585-g93115170b9 (webtiles) character file.

Game seed: 18062248486308951136

135 spardeous the Digger (level 4, 0/18 HPs)
             Began as a Felid Earth Elementalist on Jan 2, 2023.
             Constricted to death by Pikel (5 damage)
             ... on level 4 of the Dungeon on Jan 3, 2023.
             The game lasted 00:04:57 (3152 turns).

spardeous the Digger (Felid Earth Elementalist)     Turns: 3152, Time: 00:04:58

Health: 0/18       AC:  1    Str:  4    XL:     4   Next: 96%
Magic:  15/17      EV: 15    Int: 19    God:
Gold:   252        SH:  0    Dex: 22    Spells: 3/7 levels left
                                        Lives:  0   Deaths: 1

rFire   . . .      SeeInvis +    (weapon unavailable)
rCold   . . .      Faith    .    (shield unavailable)
rNeg    . . .      Spirit   .    (body armour unavailable)
rPois   .          Reflect  .    (helmet unavailable)
rElec   .          Harm     .    (cloak unavailable)
rCorr   .          Rampage  .    (gloves unavailable)
Will    .....                    (boots unavailable)
Stlth   +++                      (no amulet)
HPRegen 0.23/turn                g - ring of magical power
MPRegen 0.15/turn                k - +6 ring of dexterity

@: grasped by roots, constricted, quick
A: very small, claws 1, fangs 3, see invisible, speed 1, shaggy fur 1, stealthy
paws, no weapons or thrown items, no armour, multi-lived
a: no special abilities


You were on level 4 of the Dungeon.
You visited 1 branch of the dungeon, and saw 4 of its levels.

You collected 252 gold pieces.

Inventory:

Jewellery
 f - a ring of poison resistance
 g - a ring of magical power (left paw)
 h - a ring of flight
 k - a +6 ring of dexterity (right paw)
Wands
 s - a wand of roots (7)
Scrolls
 b - 2 scrolls of fog {unknown}
 c - 7 scrolls of identify {unknown}
 i - a scroll of amnesia {unknown}
 j - 2 scrolls of enchant weapon {unknown}
 m - a scroll of vulnerability {unknown}
 n - a scroll of brand weapon {unknown}
 o - a scroll of enchant armour {unknown}
Potions
 a - a potion of magic
 d - 3 potions of lignification {unknown}
 e - 2 potions of might {unknown}
 l - 2 potions of curing {unknown}
 p - 2 potions of mutation {unknown}
 q - a potion of heal wounds {unknown}
 r - a potion of resistance {unknown}
 t - a potion of brilliance {unknown}


   Skills:
 - Level 2.6 Dodging
 - Level 2.6 Stealth
 - Level 2.0 Spellcasting
 - Level 1.1 Transmutations
 + Level 5.8 Earth Magic


You had 3 spell levels left.
You knew the following spells:

 Your Spells              Type           Power      Damage    Failure   Level
a - Sandblast             Erth           48%        2d12      1%          1
b - Stone Arrow           Conj/Erth      26%        3d8       16%         3

Your spell library contained the following spells:

 Spells                   Type           Power      Damage    Failure   Level
 Passwall                 Tmut/Erth      12%        N/A       6%          2
 Petrify                  Tmut/Erth      15%        N/A       38%         4


Dungeon Overview and Level Annotations

Branches:
Dungeon (4/15)
 Temple: D:4-7

Altars:

Shops:
D:2 [

Annotations:
D:4 Pikel


Innate Abilities, Weirdness & Mutations

You have sharp claws.
You have razor-sharp teeth.
You have supernaturally acute eyesight. (SInv)
You cover ground quickly. (Speed+)
You are covered in fur. (AC +1)
Your paws help you pounce on unaware monsters.
You are incapable of wielding weapons or throwing items.
You cannot wear armour.
You gain extra lives every three experience levels.


Message History

You can't see any susceptible monsters within range! (Use Z to cast anyway.) Unknown command.
Magic restored.
You hear the slow rusting of a very distant drain.
You now have 252 gold pieces (gained 6).
Pikel is nearby!
Pikel is nearby!
Pikel is nearby!
Pikel is nearby!
Pikel is nearby!
Pikel is nearby!
Pikel is nearby!
Pikel is nearby!
Casting: Sandblast (safe; 1% risk of failure)
Confirm with . or Enter, or press ? or * to list all spells.
You can't see any susceptible monsters within range! (Use Z to cast anyway.) Unknown command.
Casting: Sandblast (safe; 1% risk of failure)
Confirm with . or Enter, or press ? or * to list all spells.
Aiming: Sandblast (safe; 1% risk of failure)
Press: ? - help, Shift-Dir - straight line, f - Pikel
Aim: Pikel, wielding a +0 whip of freezing, wearing a +2 robe of willpower and carrying a wand of roots (6) (79% to hit)
The blast of sand hits Pikel.
Pikel is lightly wounded.
Pikel zaps a wand.
The roots erupt in riotous growth!
The grasping roots grab you! The grasping roots constrict you!
Ouch! That really hurt!
You hear a shout! x2
Casting: Sandblast (safe; 1% risk of failure)
Confirm with . or Enter, or press ? or * to list all spells.
Aiming: Sandblast (safe; 1% risk of failure)
Press: ? - help, Shift-Dir - straight line, f/p - Pikel
Aim: Pikel, wielding a +0 whip of freezing, wearing a +2 robe of willpower and carrying a wand of roots (5) (lightly wounded, 79% to hit)
The blast of sand hits Pikel but does no damage.
Pikel is lightly wounded.
The grasping roots constrict you.
* * * LOW HITPOINT WARNING * * *
The grasping roots constrict you.
You die...

##### #...# ## #...#
......######...#
#..............#
#....####.)...#
#....###..#...#
#.....@.K##...######
#....##..##........#
.....
......###.....# ####
#####.........#
#.........#
#.###.....# ..
#.....# .# #.....#
#######


You could see Pikel.

Vanquished Creatures
  A lemure (D:3)
  A scorpion (D:4)
  Natasha (thrice) (D:3)
  3 gnolls (D:2)
  A dart slug (D:1)
  An orc (D:3)
  7 ball pythons
  3 endoplasms
  3 giant cockroaches
  3 goblins (D:3)
  6 hobgoblins
  4 quokkas
  3 bats
  5 frilled lizards
  5 kobolds
  3 rats
52 creatures vanquished.

Notes
Turn   | Place    | Note
-------+----------+-------------------------------------------
     0 | D:1      | spardeous the Felid Earth Elementalist began the quest for
                  | the Orb.
     0 | D:1      | Reached XP level 1. HP: 7/7 MP: 4/4
    86 | D:1      | Reached skill level 3 in Earth Magic
   222 | D:1      | Reached XP level 2. HP: 11/11 MP: 0/6
  1011 | D:2      | Found Etum's Armour Boutique.
  1033 | D:2      | Noticed a golden eye
  1034 | D:2      | Found a faded altar of an unknown god.
  1044 | D:2      | Noticed a great orb of eyes
  1045 | D:2      | Noticed a shining eye
  1045 | D:2      | Noticed an eye of devastation
  1089 | D:2      | Reached XP level 3. HP: 14/14 MP: 7/7
  1144 | D:2      | Reached skill level 4 in Earth Magic
  1353 | D:2      | Learned a level 3 spell: Stone Arrow
  1951 | D:3      | Noticed Natasha
  1959 | D:3      | Killed Natasha
  1960 | D:3      | Reached XP level 4. HP: 5/18 MP: 8/8
  2284 | D:3      | Noticed Natasha
  2326 | D:3      | Killed Natasha
  2327 | D:3      | Reached skill level 5 in Earth Magic
  2685 | D:3      | Noticed Natasha
  2689 | D:3      | Killed Natasha
  2690 | D:3      | Reached XP level 5. HP: 4/21 MP: 9/9
  3015 | D:4      | Noticed a lemure
  3016 | D:4      | Noticed a lemure
  3016 | D:4      | Noticed a lemure
  3016 | D:4      | Noticed Pikel
  3053 | D:3      | Killed a lemure
  3087 | D:4      | Noticed a lemure
  3118 | D:4      | Slain by an iguana
  3119 | D:4      | Reached XP level 4. HP: -1/18 MP: 14/17
  3119 | D:4      | Noticed a scorpion
  3124 | D:4      | Killed a scorpion
  3152 | D:4      | Constricted to death by Pikel

Illustrated notes

Levels and vault maps discovered:
D:1:      roderic_crossed_star, layout_basic, nicolae_kite_square_tiling_tiny,
          minmay_misc_feat_nine_boxes, chequers_serial_rivers_micro_a
D:2:      layout_basic, hellmonk_ecumenical_altar_watching_god, serial_shops,
          shop
D:3:      minmay_diamond_boxcup, layout_basic, minmay_goblin_outpost,
          uniq_natasha
D:4:      layout_rooms, mainiacjoe_overflow_catwalk_spiral,
          gup_sewer_entry_spiral, solitary_fountain, minmay_unequal, uniq_pikel

Skill      XL: |  1  2  3  4 |
---------------+-------------+-----
Earth Magic    | 3 4 5 |  5.8
Dodging        | |  2.6
Stealth        | |  2.6
Spellcasting   | |  2.0
Transmutations | |  1.1

Action                   |  1- 3 |  4- 6 || total
-------------------------+-------+-------++-------
Melee: Unarmed           |     3 |       ||     3
 Cast: Sandblast         |    61 |    42 ||   103
Armor: Skin              |     4 |       ||     4
Dodge: Dodged            |    34 |     4 ||    38

Table legend: (Time is in decaauts)
 A = Elapsed time spent in this place.
 B = Non-inter-level travel time spent in this place.
 C = Inter-level travel time spent in this place.
 D = Time resting spent in this place.
 E = Time spent auto-exploring this place.
 F = Levels seen in this place.
 G = Mean time per level.
                   A        B        C        D        E       F      G
               +--------+--------+--------+--------+--------+-----+--------+
         Total |   2727 |   2602 |    125 |      3 |   2122 |   4 |  681.8 |
       Dungeon |   2727 |   2602 |    125 |      3 |   2122 |   4 |  681.8 |
               +--------+--------+--------+--------+--------+-----+--------+

Top non-repeatable levels by time:
     D:3: 1004 daAuts
     D:1: 881 daAuts
     D:2: 771 daAuts
     D:4: 70 daAuts
